Description

exported build order from Harstem's video tutorial on PvZ voidray 2 stargate

https://lotv.spawningtool.com/65173/

VOD

https://www.youtube.com/watch?v=Rfgf-V8DvVo

Replay - Jagannatha LE (281)

Build Order

Get SALT Encoding   

  12  0:00  Probe  
  13  0:12  Probe  
  14  0:17  Pylon  
  14  0:24  Probe  
  15  0:37  Probe (Chrono Boost)  
  15  0:38  Gateway  
  16  0:48  Assimilator, Probe x2 (Chrono Boost)  
  18  1:03  Probe  
  19  1:15  Probe  
  20  1:26  Nexus  
  20  1:35  Cybernetics Core  
  20  1:37  Probe  
  21  1:43  Assimilator  
  21  1:49  Probe  
  21  1:53  Pylon  
  23  2:09  Adept (Chrono Boost)  
  26  2:21  Stargate  
  27  2:32  Adept  
  30  2:42  Warp Gate  
  33  2:56  Void Ray (Chrono Boost)  
  40  3:08  Adept  
  40  3:11  Pylon  
  44  3:23  Gateway  
  46  3:34  Oracle  
  51  3:46  Pylon  
  53  4:04  Nexus  
  53  4:05  Pylon  
  53  4:09  Void Ray (Chrono Boost)  
  55  4:13  Assimilator x2  
  63  4:39  Adept x2  
  63  4:45  Stargate  
  71  5:01  Forge  
  71  5:02  Shield Battery, Twilight Council  
  71  5:03  Void Ray  
  81  5:26  Void Ray  
  83  5:34  Protoss Ground Weapons Level 1 (Chrono Boost)  
  90  5:36  Gateway x2  
  90  5:37  Charge (Chrono Boost)  
  90  5:42  Assimilator x2  
  89  5:54  Zealot x2  
  95  5:59  Templar Archives  
  99  6:21  Psionic Storm  
  99  6:29  Nexus  
  100  6:36  Photon Cannon  
  100  6:37  High Templar x3  
  107  6:46  Photon Cannon x3  
  107  6:48  Shield Battery  
  107  6:51  Photon Cannon, High Templar  
  109  6:57  Shield Battery x2  
  112  7:11  High Templar  
  117  7:18  Assimilator, High Templar  
  117  7:21  Shield Battery  
  122  7:34  Fleet Beacon  
  122  7:35  Stargate  
  125  7:42  Assimilator  
  125  7:45  Photon Cannon x3  
  125  7:48  Zealot x3  
  125  7:49  Shield Battery, Void Ray x2 (Chrono Boost)  
  140  8:08  High Templar  
  140  8:10  Zealot x3  
  148  8:21  Photon Cannon  
  148  8:22  Shield Battery  
  160  8:38  Zealot x2  
  158  8:51  Archon x2  
  159  9:01  Photon Cannon  
Spawning Tool Build Advisor. Get it on Overwolf

Go to:

Details

  • Created by: zeromus   
  • Published on: Feb 05, 2021
  • Modified on: Feb 05, 2021
  • Patch: 4.11.0
  • Difficulty: Easy
Show
View Real Time Build Order
Export as new Build Order

Comments (1)

On Feb. 5, 2021, 4:56 p.m., zeromus  said:

Go watch the Harstem Video where he explains the build and the approach. I exported it to spawningtool as a Build Order to make it easier to practice against AI as I learn :)

subscribe and follow and all that Harstem for the quality content

Create an account to comment!